 Dungeon Crawl Stone Soup version 0.28-a0-793-g31680bbd8b (webtiles) character file.

Game seed: 2719134088839218299

103 porpoise the Conjurer (level 4, 0/24 HPs)
             Began as a Deep Elf Conjurer on Nov 4, 2021.
             Killed from afar by Sigmund (8 damage)
             ... with a magic dart
             ... on level 3 of the Dungeon.
             The game lasted 00:06:11 (2963 turns).

porpoise the Conjurer (Deep Elf Conjurer)           Turns: 2963, Time: 00:06:12

Health: 0/24       AC:  2    Str:  4    XL:     4   Next: 51%
Magic:  10/13      EV: 27    Int: 24    God:
Gold:   128        SH:  0    Dex: 13    Spells: 2/13 levels left

rFire   . . .      SeeInvis .   a - +0 short sword
rCold   . . .      Faith    .   (no shield)
rNeg    . . .      Spirit   .   g - +0 robe
rPois   .          Reflect  .   (no helmet)
rElec   .          Harm     .   (no cloak)
rCorr   .          Rampage  .   (no gloves)
Will    .....                   (no boots)
Stlth   ++........              j - amulet of the acrobat
HPRegen 0.08/turn               (no ring)
MPRegen 0.13/turn               (no ring)

@: acrobatic, attractive, flying
A: no striking features
a: no special abilities


You were on level 3 of the Dungeon.
You visited 1 branch of the dungeon, and saw 3 of its levels.

You collected 128 gold pieces.

Inventory:

Hand Weapons
 a - a +0 short sword (weapon)
Missiles
 b - 4 boomerangs
 c - 11 poisoned darts (quivered)
 h - 82 stones
 n - 22 sling bullets
 o - 2 curare-tipped darts
Armour
 g - a +0 robe (worn)
Jewellery
 j - an amulet of the acrobat (around neck)
Wands
 d - a wand of digging (7)
 k - a wand of iceblast (10)
Scrolls
 e - a scroll of teleportation {unknown}
 l - a scroll of vulnerability {unknown}
 m - a scroll of holy word {unknown}
 p - 3 scrolls of enchant armour {unknown}
Potions
 i - a potion of attraction


   Skills:
 - Level 2.4 Dodging
 - Level 2.4 Stealth
 + Level 5.1 Spellcasting
 - Level 5.5 Conjurations
 + Level 0.4 Hexes


You had 2 spell levels left.
You knew the following spells:

 Your Spells              Type           Power      Damage    Failure   Level
a - Magic Dart            Conj           100%       1d8       1%          1
b - Searing Ray           Conj           64%        2d6       1%          2
c - Fulminant Prism       Conj/Hex       10%        3d9       26%         4
d - Iskenderun's Mystic   Conj/Tloc      19%        2d6       28%         4

Your spell library contained the following spells:

 Spells                   Type           Power      Damage    Failure   Level
 Dazzling Flash           Conj/Hex       40%        N/A       8%          3


Dungeon Overview and Level Annotations

Branches:
Dungeon (3/15)

Altars:

Shops:
D:2 (

Annotations:
D:3 Sigmund


Message History

Confirm with . or Enter, or press ? or * to list all spells.
You can't see any susceptible monsters within range! (Use Z to cast anyway.)
Casting: Magic Dart (safe; 1% risk of failure)
Confirm with . or Enter, or press ? or * to list all spells.
Aiming: Searing Ray (safe; 1% risk of failure)
Press: ? - help, Shift-Dir - straight line (Press . to maintain the ray.) Unknown command.
The searing ray hits something.
You hear some strange, mumbled words.
You are confused.
Something barely misses you.
It was a potion of attraction.
You feel attractive to monsters. Something hits you!
Ouch! That really hurt!
Something is attracted toward you.
It was a potion of flight.
You feel very buoyant.
You fly up into the air.
It was a potion of heal wounds.
You feel much better. Something hits you!
It was a potion of magic.
Magic courses through your body. Something hits you.
You're too confused to move!
You're too confused to move!
You feel less confused. Something hits you.
Casting: Searing Ray (safe; 1% risk of failure)
Confirm with . or Enter, or press ? or * to list all spells.
Aiming: Searing Ray (safe; 1% risk of failure)
Press: ? - help, Shift-Dir - straight line The searing ray hits something. (Press . to maintain the ray.)
Something hits you.
Unknown command.
The searing ray hits something.
The searing ray hits something!
You hear some strange, mumbled words.
A magic dart appears from out of thin air!
The magic dart hits you!
You die...

.......
....... ......
.(... †.....
...## #....#
#.#..# .....##
#.##.##
......##
#.##..#
.......##
#.###.#
..#.#...####.#
#{#
..#†##....<#.#
#@#
...)##..>....#
#.#
.#..##.###...#
#.#
###.##..##.###
#.# #
#####.##...#
#.# #
#...##.###.#
###.....##.#
####.)##.# ###
#....)..#


There were no monsters in sight!

Vanquished Creatures
  An orc priest (D:3)
  An adder (D:2)
  An adder skeleton (D:2)
  A dart slug (D:1)
  2 orcs (D:3)
  6 bats
  3 endoplasms
  A giant cockroach (D:2)
  10 goblins
  6 hobgoblins
  2 jackals (D:1)
  3 kobolds
  4 quokkas
  3 ball pythons (D:1)
  5 frilled lizards
  5 rats
54 creatures vanquished.

Notes
Turn   | Place    | Note
-------+----------+-------------------------------------------
     0 | D:1      | porpoise the Deep Elf Conjurer began the quest for the Orb.
     0 | D:1      | Reached XP level 1. HP: 10/10 MP: 6/6
     6 | D:1      | Noticed a hound
     6 | D:1      | Noticed a swamp drake
     6 | D:1      | Noticed a killer bee
     7 | D:1      | Noticed a polar bear
     7 | D:1      | Noticed an anaconda
   303 | D:1      | Reached XP level 2. HP: 15/15 MP: 3/8
   346 | D:1      | Learned a level 2 spell: Searing Ray
   356 | D:1      | Found a faded altar of an unknown god.
  1117 | D:1      | Reached skill level 5 in Conjurations
  1117 | D:1      | Reached XP level 3. HP: 19/19 MP: 8/10
  2236 | D:2      | Found Jaskojom's Antique Weapon Emporium.
  2726 | D:3      | Reached XP level 4. HP: 24/24 MP: 5/12
  2728 | D:3      | Reached skill level 5 in Spellcasting
  2733 | D:3      | Learned a level 4 spell: Fulminant Prism
  2738 | D:3      | Learned a level 4 spell: Iskenderun's Mystic Blast
  2941 | D:3      | Noticed Sigmund
  2963 | D:3      | Killed from afar by Sigmund

Illustrated notes

Levels and vault maps discovered:
D:1:      onia_arrival_zoo_common, layout_basic,
          hellmonk_ecumenical_altar_lost_god, bh_walls_and_bars
D:2:      layout_basic, serial_shops, nicolae_shop_stone
D:3:      layout_rooms, mainiacjoe_overflow_catwalk_spiral, uniq_sigmund,
          uniq_terence

Skill      XL: |  1  2  3  4 |
---------------+-------------+-----
Spellcasting   | 4 5 |  5.1
Conjurations   | 5 |  5.5
Dodging        | |  2.4
Stealth        | |  2.4
Hexes          | |  0.4

Action                   |  1- 3 |  4- 6 || total
-------------------------+-------+-------++-------
 Cast: Magic Dart        |    63 |     9 ||    72
       Searing Ray       |     6 |     2 ||     8
  Use: Potion            |       |     4 ||     4
Armor: Robe              |     2 |       ||     2
Dodge: Dodged            |     2 |     2 ||     4

Table legend: (Time is in decaauts)
 A = Elapsed time spent in this place.
 B = Non-inter-level travel time spent in this place.
 C = Inter-level travel time spent in this place.
 D = Time resting spent in this place.
 E = Time spent auto-exploring this place.
 F = Levels seen in this place.
 G = Mean time per level.
                   A        B        C        D        E       F      G
               +--------+--------+--------+--------+--------+-----+--------+
         Total |   2962 |   2819 |    143 |    909 |   1634 |   3 |  987.3 |
       Dungeon |   2962 |   2819 |    143 |    909 |   1634 |   3 |  987.3 |
               +--------+--------+--------+--------+--------+-----+--------+

Top non-repeatable levels by time:
     D:1: 1417 daAuts
     D:2: 1294 daAuts
     D:3: 249 daAuts
